Unix NetHack Version 5.0.0-0 post-release - last build May 22 2026 02:22:16 (99d1c3b6dc4b13757aaa5824b55bdea4e1e63757,branch:main).

Game began 2026-05-22 04:08:09, ended 2026-05-22 04:22:48.

CyberFan, lawful male dwarven Archeologist

                                       ----
                                       |..|
                                       -..---
                                    --......|                              ----
                                    ........|      ...                    --..|
                                    .......----.........             ---  |...|
                                    -.|.--..............            --.----.---
                                   --.|  -------........           |....|...|
                               ..| |..|      --.......           ---...*|.---
                               ..--|.|.      |...............- ---....-...|
                       ---..   ...-|.|       |................ |...--..**.|
                       -.....  ....|.|       |...--..----..... |.---|-.----
                      .......  ....|.|       |..-          ....|.|  |..|
                       ....|   ......|       |.*--         ....|.|  |..|
                       ..|     .<..0--       |...--        ...-|@|  ----
                        -      ...           --....|       ...||r|
                                              --...|       --.||.|
                                               |...|        |.--.|
                                               |..-         |.*..|
                                               ----         ---.--

CyberFan the Field Worker  St:12 Dx:10 Co:9 In:13 Wi:16 Ch:16  Lawful
Dlvl:7  $:28 HP:0(25) Pw:9(9) AC:6  Xp:3/67 T:2044 

Latest messages:
 The gnome is killed!
 Your housecat eats a gnome corpse.
 You try to move the boulder, but in vain.
 You descend the stairs.
 You hear some noises.
 E - a clear potion.
 You swap places with the peaceful gnome.
 You hear some noises.
 You hear some noises.
 The housecat bites the sewer rat.
 The sewer rat is killed!
 You hear some noises.
 The housecat bites the jackal.
 The jackal is killed!
 The housecat bites the gnome.
 The gnome misses the housecat.
 You hear some noises.
 You see here a worthless piece of violet glass.
 You hear some noises in the distance.
 You swap places with your housecat.
 You see here a worthless piece of violet glass.
 You hear some noises.
 You hear some noises in the distance.
 You swap places with the peaceful gnome.
 You hear some noises.
 You learn more about your items by comparing them.
 d - an uncursed food ration (3 in total).
 You see here a worthless piece of violet glass.
 F - an orange gem.
 What do you want to use or apply? [afghi or ?*]
 What do you want to rub on the stone? [$F or ?*]
 F - a worthless piece of orange glass.
 What do you want to drop? [$a-df-npsyzABEF or ?*]
 You drop a worthless piece of orange glass.
 G - 2 green gems.
 What do you want to use or apply? [afghi or ?*]
 What do you want to rub on the stone? [$G or ?*]
 G - 2 worthless pieces of green glass.
 What do you want to drop? [$a-df-npsyzABEG or ?*]
 You drop 2 worthless pieces of green glass.
 You swap places with your housecat.
 The housecat drops a worthless piece of orange glass.
 You miss the rabid rat.
 The rabid rat bites!
 You miss the rabid rat.
 The rabid rat bites!
 You lash the rabid rat.
 The rabid rat bites!
 The rabid rat's bite was poisoned!
 You die...

Inventory:
 Coins    ('$')
  $ - 28 gold pieces
 Weapons  (')')
  a - an uncursed +2 bullwhip (weapon in right hand)
 Armor    ('[')
  c - an uncursed +0 fedora
  n - an uncursed +0 orcish helm (being worn)
  y - an uncursed +0 pair of jumping boots (being worn)
  p - an uncursed +0 small shield (being worn)
  b - an uncursed +0 leather jacket (being worn)
 Comestibles  ('%')
  d - 3 uncursed food rations
 Scrolls  ('?')
  l - a blessed scroll of confuse monster
  z - an uncursed scroll of enchant weapon
  k - an uncursed scroll of teleportation
  B - a cursed scroll of teleportation
 Potions  ('!')
  j - an uncursed potion of booze
  m - 2 uncursed potions of healing
  A - a blessed potion of object detection
  s - an uncursed potion of restore ability
  E - an uncursed potion of water
 Wands    ('/')
  i - an uncursed wand of polymorph (0:4)
 Tools    ('(')
  h - an empty uncursed sack
  f - an uncursed tinning kit (0:39)
 Gems/Stones  ('*')
  g - an uncursed touchstone

CyberFan the Archeologist's attributes:

Background:
 You were a Field Worker, a level 3 male dwarven Archeologist.
 You were lawful, on a mission for Quetzalcoatl
 who was opposed by Camaxtli (neutral) and Huhetotl (chaotic).
 You were right-handed.
 You were in the Gnomish Mines, on level 7.
 You entered the dungeon 2044 turns ago.
 It was nighttime.
 You had 67 experience points, 13 more were needed to attain level 4.

Basics:
 You had 0 out of 25 hit points.
 You had all 9 energy points (spell power).
 Your armor class was 6.
 Your wallet contained 28 zorkmids.
 Autopickup was on for '$%?!"=/*', with exceptions.

Final Characteristics:
 Your strength was 12 (limit:18/100).
 Your dexterity was 10 (limit:20).
 Your constitution was 9 (limit:20).
 Your intelligence was 13 (limit:16).
 Your wisdom was 16 (limit:16).
 Your charisma was 16 (limit:16).

Final Status:
 You weren't hungry.
 You were unencumbered.
 You were wielding a whip.
 You had basic skill with whip.

Final Attributes:
 You were devoutly aligned.
 You had automatic searching.
 You had infravision.
 You could jump.
 You are dead.

Miscellaneous:
 You disabled loading and storing of bones levels.
 Total elapsed playing time was 14 minutes and 38 seconds.

Major events:
 Turn
    1: CyberFan the lawful male dwarven Archeologist entered the dungeon
 1184: attained the rank of Field Worker (level 3)
 1536: entered the Gnomish Mines
 2044: killed by a rabid rat

You didn't know any spells.

Skills:
 Fighting Skills
   bare handed combat [Unskilled]
   two weapon combat  [Unskilled]
   riding             [Unskilled]
 Weapon Skills
   dagger             [Unskilled]
   knife              [Unskilled]
   pick-axe           [Basic]
   short sword        [Unskilled]
   saber              [Unskilled]
   club               [Unskilled]
   quarterstaff       [Unskilled]
   sling              [Unskilled]
   dart               [Unskilled]
   boomerang          [Unskilled]
   whip               [Basic]
   unicorn horn       [Unskilled]
 Spellcasting Skills
   attack spells      [Unskilled]
   healing spells     [Unskilled]
   divination spells  [Unskilled]
   matter spells      [Unskilled]

Voluntary challenges:
 Character rerolling was not enabled.
 You never genocided any monsters.
 You never polymorphed an object.
 You never changed form.
 You used no wishes.
Achievements:
 You entered a shop.
 You attained the rank of Field Worker.
 You entered the Gnomish Mines.

 The Dungeons of Doom: levels 1 to 5
    Level 1:
       Some altars, a fountain.
    Level 2:
       A bookstore, a fountain.
    Level 3:
       An altar.
    Level 4:
       A general store.
       Stairs down to The Gnomish Mines.
    Level 5:
 The Gnomish Mines: levels 5 to 7
    Level 5:
    Level 6:
    Level 7: <- You were here.
       Final resting place for
          you, killed by a rabid rat.


Vanquished creatures:
  2 gnome leaders
  a floating eye
  a rothe
  a gas spore
  2 hobbits
  2 manes
  2 giant rats
  2 cave spiders
  a green mold
  a red mold
 10 gnomes
  a garter snake
  2 geckos
  9 jackals
  a fox
  2 goblins
  3 sewer rats
  6 grid bugs
  a bat
  3 lichens
  2 kobold zombies
  4 newts
59 creatures vanquished.

No species were genocided or became extinct.

Game over:
                       ----------
                      /          \
                     /    REST    \
                    /      IN      \
                   /     PEACE      \
                  /                  \
                  |     CyberFan     |
                  |      28 Au       |
                  |   killed by a    |
                  |    rabid rat     |
                  |                  |
                  |                  |
                  |       2026       |
                 *|     *  *  *      | *
        _________)/\\_//(\/(/\)/\//\/|_)_______

Goodbye CyberFan the Archeologist...

You died in The Gnomish Mines on dungeon level 7 with 594 points,
and 28 pieces of gold, after 2044 moves.
You were level 3 with a maximum of 25 hit points when you died.

